 Dungeon Crawl Stone Soup version 0.31-a0-188-g5e087ee2ca (webtiles) character file.

Game seed: 6961656512073683571

33 qw the Shooter (level 3, -1/20 HPs)
             Began as a Deep Elf Hunter on June 23, 2023.
             Succumbed to their own poison gas
             ... on level 4 of the Dungeon.
             The game lasted 00:00:19 (805 turns).

qw the Shooter (Deep Elf Hunter)                     Turns: 805, Time: 00:00:20

Health: -1/20      AC: 10    Str: 10    XL:     3   Next: 12%
Magic:  5/5        EV:  9    Int: 13    God:
Gold:   80         SH:  0    Dex: 18    Spells: 2/2 levels left

rFire   . . .        Y - +0 shortbow
rCold   . . .        (shield currently unavailable)
rNeg    . . .        h - +0 scale mail
rPois   .            (no helmet)
rElec   .            (no cloak)
rCorr   .            (no gloves)
SInv    .            (no boots)
Will    .....        g - amulet of faith
Stlth   +            e - +4 ring of protection
HPRegen 0.23/turn    (no ring)
MPRegen 0.09/turn

%: faith
@: lethally poisoned (-1 -> -12)
A: no striking features
a: no special abilities


You were on level 4 of the Dungeon.
You visited 1 branch of the dungeon, and saw 3 of its levels.

You collected 80 gold pieces.


   Skills:
 - Level 1.5 Fighting
 + Level 6.7 Ranged Weapons
 - Level 2.4 Dodging
 - Level 1.2 Stealth


You had 2 spell levels left.
You didn't know any spells.
Your spell library was empty.

Inventory:

Hand Weapons
 Y - a +0 shortbow (weapon)
Armour
 h - a +0 scale mail (worn)
Jewellery
 e - a +4 ring of protection (left hand)
 g - an amulet of faith (around neck)
Potions
 b - a potion of degeneration {unknown}
 f - a potion of attraction {unknown}
 i - a potion of curing {unknown}

Dungeon Overview and Level Annotations

Branches:
Dungeon (4/15)             Temple (0/1) D:4

Altars:


Message History

You shoot an arrow. The arrow hits the goblin.
You kill the goblin!
You see here a +0 quarterstaff.
A hobgoblin comes into view.
The hobgoblin shouts!
You shoot an arrow. The arrow closely misses the hobgoblin.
You shoot an arrow. The arrow closely misses the hobgoblin.
You shoot an arrow. The arrow hits the hobgoblin.
The hobgoblin is moderately wounded.
You shoot an arrow. The arrow closely misses the hobgoblin.
You shoot an arrow. The arrow hits the hobgoblin!
You kill the hobgoblin!
A goblin comes into view. It is wielding a +1 dagger of freezing.
You shoot an arrow.
The arrow hits the goblin but does no damage.
You shoot an arrow. The arrow completely misses the goblin.
You shoot an arrow. The arrow hits the goblin.
The goblin is severely wounded.
You shoot an arrow. The arrow hits the goblin.
You kill the goblin!
You see here a +1 dagger of freezing.
Found a staircase to the Ecumenical Temple.
801 ||| PLANNING TEMPLE
801 ||| READING scroll labelled LEVAILONTI.
The air fills with toxic fumes!
As you read the scroll labelled LEVAILONTI, it crumbles to dust.
It was a scroll of poison.
(D) Dungeon (T) Temple
Where to? (* - list waypoints, Enter - D:2, ? - help) Sorry, I don't know how to get there.
Really walk into that cloud of poison gas?
You are engulfed in poison gas.
You are lethally poisoned!
You feel very sick.
803 ||| Stepping ~*~*~tactically~*~*~ (cloud).
You feel very sick.
There is a lethal amount of poison in your body!
You feel very sick.
There is a lethal amount of poison in your body!
You die... .~~¤~~ #. ¤¤¤¤¤ ~ ##.## ¤¤¤¤

¤¤ ...# ##¤¤¤
¤¤~ #..# #¤¤¤
¤¤¤ #..# #¤¤
¤¤ #..#
#¤#¤##¤¤#
#..###¤¤¤¤¤¤#
#¤¤¤¤@¤¤¤####
##¤####¤¤#
#.# #.¤# #.#
#..# #.# #..#
#.# #..# #.#
#..######.##
#.#
#...........
#.#
##).).....#


There were no monsters in sight!

Vanquished Creatures
  2 dart slugs
  2 ball pythons
  4 endoplasms (D:1)
  A giant cockroach (D:1)
  4 goblins
  2 hobgoblins
  3 kobolds (D:1)
  5 bats
  2 frilled lizards (D:1)
  4 rats
29 creatures vanquished.

Notes
Turn   | Place    | Note
-------+----------+-------------------------------------------
     0 | D:1      | qw the Deep Elf Hunter began the quest for the Orb.
     0 | D:1      | Reached XP level 1. HP: 12/12 MP: 3/3
     0 | D:1      | 0 ||| qw: Version: 0.3-a-9-g12657ce
     0 | D:1      | 0 ||| qw: Game counter: 3516
     0 | D:1      | 0 ||| qw: Always use a shield: true
     0 | D:1      | 0 ||| qw: God list: Okawaru
     0 | D:1      | 0 ||| qw: Allow faded altars: false
     0 | D:1      | 0 ||| qw: Do Orc after D:15 true
     0 | D:1      | 0 ||| qw: Do second Lair branch before Depths: true
     0 | D:1      | 0 ||| qw: Lair rune preference: random
     0 | D:1      | 0 ||| qw: Plans: Normal
     0 | D:1      | 0 ||| PLANNING D:1-11
   118 | D:1      | Reached XP level 2. HP: 16/16 MP: 4/4
   233 | D:1      | Reached skill level 6 in Ranged Weapons
   456 | D:1      | 456 ||| FLEEEEING.
   479 | D:1      | Found a faded altar of an unknown god.
   609 | D:1      | 609 ||| UPGRADING to +0 scale mail.
   619 | D:1      | 619 ||| DROPPING +0 leather armour.
   620 | D:1      | 620 ||| UPGRADING to amulet of faith.
   625 | D:1      | 625 ||| UPGRADING to +4 ring of protection.
   626 | D:1      | 626 ||| READING scroll labelled TIEN POADIKIO.
   627 | D:1      | 627 ||| DROPPING scroll of butterflies.
   743 | D:2      | Reached XP level 3. HP: 20/20 MP: 5/5
   746 | D:2      | You fall into a shaft and drop 2 floors!
   800 | D:4      | Found a staircase to the Ecumenical Temple.
   801 | D:4      | 801 ||| PLANNING TEMPLE
   801 | D:4      | 801 ||| READING scroll labelled LEVAILONTI.
   803 | D:4      | 803 ||| Stepping ~*~*~tactically~*~*~ (cloud).
   803 | D:4      | HP: 4/20 [poisoned by you (poison gas)]
   804 | D:4      | HP: 1/20 [poisoned by you (poison gas)]
   805 | D:4      | Succumbed to their own poison gas

Levels and vault maps discovered:
D:1:      ncdulo_wetmaze, layout_loops_ring,
          hellmonk_ecumenical_altar_leap_of_faith
D:2:      layout_rooms, basic_altar, uniq_robin
D:4:      layout_loops_ring, nicolae_qazlal_style_of_elements,
          minmay_temple_entry_mist, serial_shops, nicolae_square_shop,
          minmay_misc_feat_roman

Skill      XL: |  1  2 |
---------------+-------+-----
Ranged Weapons | 6 |  6.7
Fighting       | |  1.5
Dodging        | |  2.4
Stealth        | |  1.2

Action                     || total
---------------------------++-------
   Fire: Shortbow          ||    62
    Use: Scroll            ||     2
 Armour: Leather armour    ||     2
         Scale mail        ||     2
  Dodge: Dodged            ||     3

Table legend:
 A = Non-vault XP
 B = Vault XP
 C = Vault XP percentage of total XP
 D = Non-vault monster count
 E = Vault monster count
 F = Vault count percentage of total count
                 A         B        C        D         E       F
            +---------+---------+-------+---------+---------+-------
      Total |      48 |       0 |   0.0 |      29 |       0 |   0.0
            +---------+---------+-------+---------+---------+-------
        D:1 |      31 |       0 |   0.0 |      19 |       0 |   0.0
        D:2 |      12 |       0 |   0.0 |       7 |       0 |   0.0
        D:4 |       5 |       0 |   0.0 |       3 |       0 |   0.0
            +---------+---------+-------+---------+---------+-------
